 Dungeon Crawl Stone Soup version 0.31.0-12-g77e489cdc1 (webtiles) character file.

Game seed: 9866200530513255324

2126 Kaabok the Martial Artist (level 9, -15/72 HPs)
             Began as a Demonspawn Brigand on Feb 27, 2024.
             Demolished by a large abomination (29 damage)
             ... on level 1 of the Abyss.
             The game lasted 00:10:49 (6676 turns).

Kaabok the Martial Artist (Demonspawn Brigand)      Turns: 6676, Time: 00:10:50

Health: -15/72     AC:  5    Str: 12    XL:     9   Next: 8%
Magic:  9/9        EV: 10    Int: 17    God:
Gold:   320        SH:  0    Dex: 19    Spells: 8/8 levels left

rFire   . .          .
                       - Unarmed
rCold   . . .        (no shield)
rNeg    . . .        i - +0 ring mail
rPois   .            u - +0 helmet
rElec   .            c - +0 cloak
rCorr   .            E - +0 pair of gloves
SInv    .            (no boots)
Will    .....        l - amulet of magic regeneration
Stlth   ++           I - +6 ring of intelligence
HPRegen 0.32/turn    (no ring)
MPRegen 0.51/turn

%: no passive effects
@: no status effects
A: demonic guardian 1, powered by death 1, demonic touch 1, [deformed body]
a: no special abilities


You were on level 1 of the Abyss.
You visited 1 branch of the dungeon, and saw 6 of its levels.
You visited the Abyss 1 time.
You also visited: Sewer.

You collected 320 gold pieces.


Innate Abilities, Weirdness & Mutations

A weak demonic guardian rushes to your aid.
You regenerate a little health from kills.
Your touch may inflict minor irresistible damage on your foes.
[Armour fits poorly on your strangely shaped body.]


   Skills:
 + Level 7.2 Fighting
 - Level 1.7 Short Blades
 - Level 1.7 Throwing
 - Level 0.8 Dodging
 - Level 3.6 Stealth
 - Level 9.0 Unarmed Combat


You had 8 spell levels left.
You didn't know any spells.
Your spell library contained the following spells:

 Spells                   Type           Power      Damage    Failure   Level
 Magic Dart               Conj           0%         1d3       47%         1
 Blink                    Tloc           0%         N/A       63%         2
 Call Imp                 Summ           0%         N/A       63%         2

Inventory:

Hand Weapons
 a - a +2 dagger
Missiles
 d - 14 poisoned darts
 e - 4 curare-tipped darts (quivered) {=f}
 D - 2 throwing nets {=f}
Armour
 b - a +0 robe
 c - a +0 cloak (worn)
 i - a +0 ring mail (worn)
 u - a +0 helmet (worn)
 C - a scarf of repulsion
 E - a +0 pair of gloves (worn)
Jewellery
 l - an amulet of magic regeneration (around neck)
 w - the Hermit's Pendant {Faith Invo=14 Evo=0 MP+5}
   (You took it off a gnoll on level 4 of the Dungeon)

   [amulet of faith]

   Invo=14: It sets your Invocations skill to 14.
   Evo=0: It sets your Evocations skill to 0.
   Faith:     It allows you to gain divine favour quickly.
   MP+5:      It affects your magic capacity (+5).
 I - a +6 ring of intelligence (left hand)
Talismans
 r - a storm talisman
Scrolls
 f - 5 scrolls of identify {unknown}
 n - a scroll of revelation {unknown}
 p - 3 scrolls of enchant armour {unknown}
 q - 4 scrolls of immolation {unknown}
 s - 4 scrolls of noise {unknown}
 t - 2 scrolls of enchant weapon {unknown}
 y - 4 scrolls of teleportation {@r2}
 B - 3 scrolls of vulnerability {unknown}
 F - 2 scrolls of torment {unknown}
 G - a scroll of blinking {unknown}
 H - a scroll of fear {unknown}
Potions
 g - a potion of brilliance {unknown}
 h - 5 potions of enlightenment
 j - 4 potions of heal wounds {unknown}
 k - 4 potions of attraction {unknown}
 m - 2 potions of berserk rage {unknown}
 o - 3 potions of curing {unknown}
 v - a potion of mutation {unknown}
 x - 2 potions of degeneration {unknown}
 z - a potion of haste {unknown}
 A - 2 potions of invisibility {unknown}

Dungeon Overview and Level Annotations

Branches:
Dungeon (6/15)              Sewer (visited)
 Temple: D:4-7

Altars:
Dithmenos
Hepliaklqana
Kikubaaqudgha
Ru
Xom

Shops:
D:1 =   D:4 ?

Annotations:
D:4 2 transporters

▓.. . ░ ..# .▒
.#▒▒▓.▒ #▒# .# ░
▒.#...▒▒▓ ▒.▒#..
▒▒▒.▒X.X.X#.....
#.▒.3░.# .. #▒.#
#..5.##▒.#. ...
▒. ▒▒X....#
#..#.....
#@▒...#..##X ..░░
░▒▒.░..###.....░.
.░.....##.# .░ .
. #..#.##.#..░#.
#. ....### .░░░
#. ... #. ..'.§
... ..#░░░░. . #
.# # ...... .


You could see 2 large abominations, a smoke demon and a friendly white imp
(summoned).


Message History

Unknown command.
The wretched star pulses with an eldritch light!
Your body twists and deforms.
Unknown command.
Unknown command.
The smoke demon gestures at you. The ball of steam hits you!
There is an open door here.
A large abomination comes into view.
The smoke demon gestures at you. Something smites you!
* * * LOW HITPOINT WARNING * * *
The large abomination attacks as it pursues you!
The large abomination hits you!!
* * * LOW HITPOINT WARNING * * *
A demonic guardian appears!
The smoke demon barely misses your white imp.
The smoke demon hits your white imp but does no damage. x2
Unknown command.
You hit the large abomination but do no damage.
You touch the large abomination.
The large abomination is lightly damaged.
Unknown command.
You hit the large abomination but do no damage.
Your punch misses the large abomination.
The large abomination is lightly damaged.
Your white imp completely misses the large abomination.
The smoke demon hits your white imp but does no damage.
The smoke demon hits your white imp. x2; The large abomination hits you!!
You die...

Skill      XL: |  1  2  3  4  5  6  7  8  9 |
---------------+----------------------------+-----
Fighting       | 3 4 5 6 7 |  7.2
Unarmed Combat | 1 2 4 5 7 9 |  9.0
Short Blades   | |  1.7
Throwing       | |  1.7
Dodging        | |  0.8
Stealth        | |  3.6

Action                     |  1- 3 |  4- 6 |  7- 9 || total
---------------------------+-------+-------+-------++-------
  Melee: Dagger            |   164 |   289 |     2 ||   455
         Punch             |     1 |    12 |     7 ||    20
         Unarmed           |       |       |   303 ||   303
         Touch             |       |       |    52 ||    52
  Throw: Dart              |       |    13 |    11 ||    24
   Stab: Sleeping          |     6 |     3 |     7 ||    16
         Distracted        |       |     1 |       ||     1
 Armour: Robe              |    14 |       |       ||    14
         Ring mail         |    64 |   177 |   206 ||   447
  Dodge: Dodged            |    89 |   140 |   148 ||   377

Levels and vault maps discovered:
D:1:      onia_arrival_mini_spirals, layout_basic, serial_shops,
          nicolae_shop_just_a_little_nook, minmay_tromino_i4
D:2:      layout_loops_ring, kennysheep_jessica_study, uniq_terence
D:3:      layout_basic, regret_index_temple_of_mockery, serial_undead,
          serial_undead_f, serial_undead_c, serial_undead_e, serial_undead_f,
          serial_undead_b, serial_undead_f, serial_undead_d, serial_undead_b,
          serial_undead_d, serial_undead_f, minmay_misc_feat_nine_boxes,
          uniq_natasha, uniq_robin
D:4:      layout_cave_pools, nicolae_overflow_two_pavilions,
          mainiacjoe_overflow_two_lobes, serial_shops, nicolae_shop_drivethru
D:5:      layout_basic, nicolae_tso_swordbearing_angel, gup_sewer_entry_spiral,
          hangedman_abyss_or_decor_passed
D:6:      layout_cave_pools, jmf_multi_god_temple, grunt_ministairs_13,
          billiards_dpeg
Abyss:1:  base:
D:4

Notes
Turn   | Place    | Note
-------+----------+-------------------------------------------
     0 | D:1      | Kaabok the Demonspawn Brigand began the quest for the Orb.
     0 | D:1      | Reached XP level 1. HP: 16/16 MP: 1/1
   214 | D:1      | Gained mutation: You regenerate a little health from kills.
                  | [demonic ancestry]
   214 | D:1      | Reached XP level 2. HP: 22/23 MP: 2/2
   341 | D:1      | Reached skill level 3 in Fighting
   727 | D:1      | Gained mutation: A weak demonic guardian rushes to your
                  | aid. [demonic ancestry]
   727 | D:1      | Reached XP level 3. HP: 29/29 MP: 3/3
   848 | D:1      | Found Bulirghu's Jewellery Emporium.
  1385 | D:2      | Reached skill level 4 in Fighting
  1448 | D:2      | Noticed Jessica
  1467 | D:2      | Killed Jessica
  1468 | D:2      | Reached skill level 1 in Unarmed Combat
  1468 | D:2      | Reached XP level 4. HP: 24/37 MP: 4/4
  1654 | D:2      | Noticed Terence
  1680 | D:2      | Killed Terence
  1681 | D:2      | Reached skill level 2 in Unarmed Combat
  2061 | D:3      | Noticed Natasha
  2074 | D:3      | Killed Natasha
  2075 | D:3      | Reached XP level 5. HP: 21/42 MP: 5/5
  2174 | D:3      | Reached skill level 3 in Unarmed Combat
  2294 | D:3      | Noticed Robin
  2340 | D:3      | Found a hazy altar of Hepliaklqana.
  2341 | D:3      | Found a shimmering altar of Xom.
  2341 | D:3      | Noticed a hell beast
  2350 | D:3      | Noticed a spectral ugly thing
  2350 | D:3      | Noticed a hell beast
  2392 | D:3      | Killed Robin
  2426 | D:3      | Noticed Natasha
  2436 | D:3      | Killed Natasha
  2701 | D:3      | Noticed Natasha
  2706 | D:3      | Killed Natasha
  2707 | D:3      | Reached skill level 4 in Unarmed Combat
  2828 | D:3      | Reached XP level 6. HP: 42/48 MP: 6/6
  3072 | D:4      | Reached skill level 5 in Unarmed Combat
  3235 | D:4      | Found a transporter.
  3473 | D:4      | Gained mutation: Your touch may inflict minor irresistible
                  | damage on your foes. [demonic ancestry]
  3473 | D:4      | Reached XP level 7. HP: 47/54 MP: 7/7
  3550 | D:4      | Found a transporter.
  3550 | D:4      | Found Wecuggiv's Magic Scroll Boutique.
  3622 | D:4      | Reached skill level 6 in Unarmed Combat
  3823 | D:4      | Found a shadowy altar of Dithmenos.
  4171 | D:4      | Found a sacrificial altar of Ru.
  4171 | D:4      | Found an ancient bone altar of Kikubaaqudgha.
  4197 | D:5      | Entered Level 5 of the Dungeon
  4284 | D:5      | Reached skill level 7 in Unarmed Combat
  4375 | D:5      | Found a glowing drain.
  4379 | Sewer    | Entered a sewer
  4619 | Sewer    | Reached skill level 5 in Fighting
  4625 | Sewer    | Reached XP level 8. HP: 32/63 MP: 8/8
  5027 | D:5      | Reached skill level 6 in Fighting
  5479 | D:5      | Reached skill level 8 in Unarmed Combat
  6082 | D:6      | Reached skill level 9 in Unarmed Combat
  6289 | D:6      | Reached XP level 9. HP: 61/71 MP: 9/9
  6382 | D:6      | Reached skill level 7 in Fighting
  6581 | D:6      | You are cast into the Abyss!
  6581 | Abyss:1  | Cast into level 1 of the Abyss (orc wizard)
  6645 | Abyss:1  | Noticed a smoke demon
  6648 | Abyss:1  | Noticed a wretched star
  6657 | Abyss:1  | Noticed a large abomination
  6663 | Abyss:1  | Noticed a large abomination
  6676 | Abyss:1  | Demolished by a large abomination

Vanquished Creatures
  A steam dragon (D:6)
  A sky beast (D:6)
  3 black bears
  2 crocodiles (Sewer)
  An ogre (D:5)
  A phantom (D:5)
  2 scorpions
  2 bombardier beetles
  3 hounds
  2 jellies
  A gnoll bouda (D:5)
  3 orc priests
  An iguana (D:5)
  Jessica (D:2)
  Natasha (thrice) (D:3)
  Terence (D:2)
  3 orc wizards
  A sickly merfolk siren (Sewer)
  A malarious merfolk avatar (Sewer)
  A hound zombie (D:3)
  Robin (D:3)
  6 adders
  15 gnolls
  2 river rats (Sewer)
  A shadow imp (D:6)
  A white imp (D:5)
  2 adder skeletons (D:3)
  3 adder zombies (D:3)
  A dart slug (D:4)
  3 ribbon worms
  18 orcs
  18 ball pythons
  4 endoplasms (D:1)
  10 giant cockroaches
  16 goblins
  9 hobgoblins
  12 jackals
  6 quokkas
  2 ball python skeletons (D:3)
  A ball python zombie (D:3)
  3 bats
  8 frilled lizards
  A jackal skeleton (D:3)
  6 kobolds
  A quokka skeleton (D:3)
  A quokka zombie (D:3)
  22 rats
207 creatures vanquished.

Vanquished Creatures (collateral kills)
  An ogre (D:4)
  A hound skeleton (D:3)
  2 gnolls
  2 orcs (D:4)
  A jackal (D:5)
  A quokka (D:4)
  A quokka skeleton (D:3)
  2 rats
11 creatures vanquished.

Grand Total: 218 creatures vanquished

Table legend: (Time is in decaauts)
 A = Elapsed time spent in this place.
 B = Non-inter-level travel time spent in this place.
 C = Inter-level travel time spent in this place.
 D = Time resting spent in this place.
 E = Time spent auto-exploring this place.
 F = Levels seen in this place.
 G = Mean time per level.
                   A        B        C        D        E       F      G
               +--------+--------+--------+--------+--------+-----+--------+
         Total |   6688 |   6602 |     86 |    836 |   4250 |   8 |  836.0 |
       Dungeon |   5957 |   5871 |     86 |    657 |   3969 |   6 |  992.8 |
         Abyss |     94 |     94 |      0 |      2 |     58 |   1 |   94.0 |
         Sewer |    636 |    636 |      0 |    177 |    222 |   1 |  636.0 |
               +--------+--------+--------+--------+--------+-----+--------+

Top non-repeatable levels by time:
     D:5: 1303 daAuts
     D:3: 1224 daAuts
     D:1: 1176 daAuts
     D:4: 954 daAuts
     D:2: 795 daAuts
   Sewer: 636 daAuts
     D:6: 503 daAuts
 Abyss:1: 94 daAuts

Table legend:
 A = Non-vault XP
 B = Vault XP
 C = Vault XP percentage of total XP
 D = Non-vault monster count
 E = Vault monster count
 F = Vault count percentage of total count
                 A         B        C        D         E       F
            +---------+---------+-------+---------+---------+-------
      Total |    2138 |     900 |  29.6 |     135 |      83 |  38.1
            +---------+---------+-------+---------+---------+-------
        D:1 |      46 |       4 |   8.0 |      26 |       3 |  10.3
        D:2 |      42 |      75 |  64.1 |      17 |       3 |  15.0
        D:3 |     102 |     146 |  58.9 |      18 |      27 |  60.0
        D:4 |     595 |       0 |   0.0 |      37 |       0 |   0.0
        D:5 |    1032 |      31 |   2.9 |      31 |       8 |  20.5
        D:6 |     321 |     263 |  45.0 |       6 |       4 |  40.0
      Sewer |       0 |     381 | 100.0 |       0 |      38 | 100.0
            +---------+---------+-------+---------+---------+-------
